 Dungeon Crawl Stone Soup version 0.23.2-40-g277498a001 (webtiles) character file.

Game seed: 15495873976502374598

590 Exodus22XD the Slasher (level 7, -17/52 HPs)
             Began as a Demonspawn Gladiator on Sept 6, 2019.
             Was an Initiate of Yredelemnul.
             Demolished by an ogre
             ... wielding a +0 giant club
              (28 damage)
             ... on level 5 of the Dungeon.
             The game lasted 00:14:02 (3753 turns).

Exodus22XD the Slasher (Demonspawn Gladiator)       Turns: 3753, Time: 00:14:03

Health: -17/52     AC: 10    Str: 17    XL:     7   Next: 15%
Magic:  8/8        EV: 12    Int:  9    God:    Yredelemnul [......]
Gold:   128        SH:  6    Dex: 14    Spells: 6/6 levels left

rFire    . . .     SeeInvis .   a - +0 long sword
rCold    . . .     Gourm    .   n - +2 buckler
rNeg     . . .     Faith    .   m - +0 ring mail
rPois    .         Spirit   .   c - +0 helmet
rElec    .         Reflect  .   (no cloak)
rCorr    .         Harm     .   (no gloves)
MR       +....                  (no boots)
Stlth    +.........             (no amulet)
HPRegen  0.17/turn              r - ring of protection from magic
MPRegen  0.11/turn              (no ring)

@: no status effects
A: claws 1, iridescent scales 2, spiny 2
a: Renounce Religion


You were on level 5 of the Dungeon.
You worshipped Yredelemnul.
Yredelemnul was noncommittal.
You were not hungry.

You visited 1 branch of the dungeon, and saw 5 of its levels.

You collected 128 gold pieces.

Inventory:

Hand Weapons
 a - a +0 long sword (weapon)
Missiles
 d - 3 throwing nets (quivered)
Armour
 c - a +0 helmet (worn)
 m - a +0 ring mail (worn)
 n - a +2 buckler (worn)
Jewellery
 r - a ring of protection from magic (left claw)
 x - a +1 ring of protection {unknown}
Wands
 o - a wand of polymorph (2)
Scrolls
 g - 4 scrolls of immolation
 j - 3 scrolls of teleportation {unknown}
 k - 3 scrolls of amnesia {unknown}
 l - a scroll of remove curse {unknown}
 p - a scroll of fog {unknown}
 s - a scroll of enchant armour {unknown}
 u - a scroll of random uselessness {unknown}
 v - 3 scrolls of identify {unknown}
Potions
 b - a potion of curing {unknown}
 e - a potion of mutation {unknown}
 h - a potion of berserk rage {unknown}
 i - a potion of flight {unknown}
 q - a potion of cancellation {unknown}
 t - a potion of brilliance {unknown}
 w - 2 potions of haste {unknown}
 z - 2 potions of heal wounds {unknown}
 A - a potion of magic {unknown}
Comestibles
 f - 7 rations


   Skills:
 + Level 3.2 Fighting
 + Level 4.9 Long Blades
 - Level 1.7 Throwing
 * Level 3.1 Armour
 + Level 3.6 Dodging
 * Level 1.8 Shields
 * Level 2.4 Invocations


You had 6 spell levels left.
You didn't know any spells.
Your spell library contained the following spells:

 Spells                   Type           Power        Failure   Level  Hunger
 Animate Skeleton         Necr           N/A          67%         1    ##.....
 Apportation              Tloc           #.....       67%         1    ##.....
 Confusing Touch          Hex            #.....       67%         1    ##.....
 Summon Small Mammal      Summ           #...         67%         1    ##.....


Dungeon Overview and Level Annotations

Branches:
Dungeon (5/15)
 Temple: D:4-7

Altars:
Ashenzari
Elyvilon
Fedhas
Gozag
Hepliaklqana
Okawaru
Uskayaw
Wu Jian
Yredelemnul
Zin

Shops:
D:4 !*:}*


Innate Abilities, Weirdness & Mutations

You have sharp fingernails.
You are mostly covered in iridescent scales. (AC +4)
You are mostly covered in sharp spines.


Message History

The ogre is heavily wounded.
The ogre is struck by your spines. The ogre hits you with a +0 giant club!
* * * LOW HITPOINT WARNING * * *
You see here 23 arrows.
Things that are here:
a +0 leather armour; a +0 hand axe; a +0 spear
Items here: ))) [ a +0 leather armour; a cursed -1 hand axe; a +0 hand axe; a +0 club You see here a +0 club.
There is a stone staircase leading up here.
You see here a ring mail.
There is a stone staircase leading up here.
You see here a robe.
The iguana hisses menacingly.
There is a blossoming altar of Fedhas here.
The ogre is struck by your spines.
The ogre hits you with a +0 giant club!!
Ouch! That really hurt!
You die...
Your body rises from the dead as a mindless zombie.

........##P.PPP.# #.# ####
##.##.l.##PP_PP.# #o# #..#
##.##...##PPPoP(# #.# ####..#
#....[<.##.PPP.)# #.####....##
#.###.o##..###.## #)##...##.# .
##.##.## #l# #.#..####.# ..
#.[...###.#####<..####.(# ..##
#####...#.##.......#...## #...##
###...O@.........### #...#
##............## #..##
#.....####.#..# #...######.#...#
#.#.## ### ##.........#####
##...# #..
###...o.....########....##### #..
#...###.....................###..
..)..##..########..#####..#......
......##.# ##....## ##...###..


You could see an ogre.

Vanquished Creatures
  A phantom (D:5)
  An ogre (D:4)
  An orc wizard (D:5)
  A centaur skeleton (D:4)
  Natasha (thrice) (D:3)
  3 worker ants
  A howler monkey zombie (D:5)
  3 gnolls (D:5)
  A howler monkey skeleton (D:4)
  5 adders
  3 oozes
  2 worms
  2 dart slugs (D:1)
  2 leopard geckos
  11 orcs
  9 bats
  6 giant cockroaches
  6 goblins
  9 hobgoblins
  4 jackals
  2 quokkas
  A ball python (D:4)
  9 frilled lizards
  3 kobolds
  7 rats
96 creatures vanquished.

Vanquished Creatures (others)
  A fungus (D:5)
1 creature vanquished.

Grand Total: 97 creatures vanquished

Notes
Turn   | Place    | Note
-------+----------+-------------------------------------------
     0 | D:1      | Exodus22XD the Demonspawn Gladiator began the quest for the
                  | Orb.
     0 | D:1      | Reached XP level 1. HP: 16/16 MP: 1/1
   195 | D:1      | Gained mutation: You are partially covered in sharp spines.
                  | [demonic ancestry]
   195 | D:1      | Reached XP level 2. HP: 17/22 MP: 2/2
   202 | D:1      | Reached skill level 3 in Long Blades
   653 | D:2      | Reached skill level 1 in Armour
   653 | D:2      | Gained mutation: You are partially covered in iridescent
                  | scales. (AC +2) [demonic ancestry]
   653 | D:2      | Reached XP level 3. HP: 20/27 MP: 3/3
   839 | D:2      | Found a white marble altar of Elyvilon.
   877 | D:2      | Gained mutation: You have sharp fingernails. [demonic
                  | ancestry]
   877 | D:2      | Reached XP level 4. HP: 31/34 MP: 4/4
  1189 | D:2      | Found a hazy altar of Hepliaklqana.
  1300 | D:2      | Found a shattered altar of Ashenzari.
  1368 | D:2      | Found an ornate altar of the Wu Jian Council.
  1705 | D:3      | Noticed Natasha
  1728 | D:3      | Killed Natasha
  1818 | D:3      | Gained mutation: You are mostly covered in sharp spines.
                  | [demonic ancestry]
  1818 | D:3      | Reached XP level 5. HP: 38/39 MP: 5/5
  1879 | D:3      | Noticed Natasha
  1885 | D:3      | Killed Natasha
  1885 | D:3      | Reached skill level 4 in Long Blades
  1978 | D:3      | Found a glowing silver altar of Zin.
  1978 | D:3      | Found a basalt altar of Yredelemnul.
  1983 | D:3      | Found an opulent altar of Gozag.
  1986 | D:3      | Became a worshipper of Yredelemnul the Dark
  1991 | D:3      | Found a hide-covered altar of Uskayaw.
  1993 | D:3      | Found a faded altar of an unknown god.
  2107 | D:3      | Noticed Natasha
  2110 | D:3      | Killed Natasha
  2130 | D:4      | Reached skill level 1 in Shields
  2163 | D:4      | Reached skill level 1 in Invocations
  2199 | D:4      | Found Diacraa's Gadget Emporium.
  2205 | D:4      | Found Xos Saocw's Book Shoppe.
  2219 | D:4      | Found Osuxziqe's Assorted Antiques.
  2239 | D:4      | Found an iron altar of Okawaru.
  2592 | D:4      | Noticed an ogre
  2595 | D:4      | Found Zowum's Assorted Antiques.
  2649 | D:5      | Entered Level 5 of the Dungeon
  2656 | D:5      | Reached XP level 6. HP: 15/46 MP: 6/6
  2947 | D:5      | Found a blossoming altar of Fedhas.
  3254 | D:4      | Found Foal's Distillery.
  3665 | D:5      | Gained mutation: You are mostly covered in iridescent
                  | scales. (AC +4) [demonic ancestry]
  3665 | D:5      | Reached XP level 7. HP: 52/52 MP: 8/8
  3696 | D:5      | HP: 1/52 [ogre/+0 giant club (15)]
  3753 | D:5      | Demolished by an ogre

Skill      XL: |  1  2  3  4  5  6 |
---------------+-------------------+-----
Long Blades    | 3 4 |  4.9
Dodging        | 3 |  3.6
Armour         | 1 2 3 |  3.1
Shields        | 1 |  1.8
Invocations    | 1 2 |  2.4
Fighting       | 3 |  3.2
Throwing       | |  1.7

Action                   |  1- 3 |  4- 6 |  7- 9 || total
-------------------------+-------+-------+-------++-------
Melee: Long sword        |    72 |   172 |     7 ||   251
       Unarmed           |       |     7 |       ||     7
  Use: Scroll            |       |     1 |       ||     1
  Eat: Chunk             |       |     7 |       ||     7
       Ration            |       |     1 |       ||     1
Armor: Leather armour    |    20 |       |       ||    20
       Ring mail         |    15 |    57 |     4 ||    76
       Skin              |       |     1 |       ||     1
Dodge: Dodged            |    59 |    81 |     3 ||   143
Block: Buckler           |       |    46 |     1 ||    47
       Rpst.: Long sword |    21 |    22 |       ||    43
